 Dungeon Crawl Stone Soup version 0.30-a0-953-g5f1da4a474 (webtiles) character file.

Game seed: 14079986589735825923

25170 testman the Fighter (level 12, -8/97 HPs)
             Began as a Demonspawn Venom Mage on Mar 28, 2023.
             Was an Elder of Ashenzari.
             Mangled by a minotaur
             ... wielding a +4 glaive of flaming
              (34 damage)
             ... in a Gauntlet.
             The game lasted 01:38:49 (15098 turns).

testman the Fighter (Demonspawn Venom Mage)        Turns: 15098, Time: 01:38:50

Health: -8/97      AC: 13    Str: 13    XL:     12   Next: 87%
Magic:  0/24       EV: 15    Int: 18    God:    Ashenzari [****..]
Gold:   1283       SH:  0    Dex: 13    Spells: 8/28 levels left

rFire   + + .      SeeInvis +    H - +1 demon trident of the Unveiling Omission {elec, Elem, Fort} (curse)
rCold   . . .      Faith    .    (no shield)
rNeg    + . .      Spirit   +    G - +1 troll leather armour "Mantic Sybil" {Regen+, Snorg, Bglg, Elem} (curse)
rPois   +          Reflect  .    r - +1 helmet of Supernal Wisdom {Cun, Melee} (curse)
rElec   +          Rampage  .    (no cloak)
rCorr   .          Clarity  +    k - +1 pair of gloves of Desmomancy {+Blink SInv, Bglg, Comp} (curse)
Will    .....      NoTele   +    n - +1 pair of boots "Haekuts" {rElec rF++}
Stlth   ++                       (no amulet)
HPRegen 1.16/turn                b - ring of the All-seeing Ether {rN+, Cun, Range} (curse)
MPRegen 0.38/turn                E - ring "Shattered Together" {rPois, Elem, Fort} (curse)

@: no status effects
A: repulsion field 1, demonic guardian 2, magic shield, magic regeneration,
weakness stinger 2, MP-powered wands
a: Renounce Religion, Evoke Blink, Shatter the Chains


You were in a Gauntlet.
You worshipped Ashenzari.
Ashenzari was greatly pleased with you.
You visited 3 branches of the dungeon, and saw 16 of its levels.
You also visited: Sewer and Gauntlet.

You collected 1808 gold pieces.
You spent 525 gold pieces at shops.

Inventory:

Hand Weapons
 H - the cursed +1 demon trident of the Unveiling Omission (weapon) {elec, Elem, Fort}
   (You found it on level 8 of the Dungeon)

   It has a curse which improves the following skills: Elements: Fire Magic, Ice
   Magic, Air Magic and Earth Magic.
   Fortitude: Armour and Shields.
Missiles
 j - 4 throwing nets
 m - 10 boomerangs
 x - 4 curare-tipped darts
 y - 40 poisoned darts
 D - 13 javelins
 I - 6 silver javelins
 N - 4 atropa-tipped darts
Armour
 k - the cursed +1 pair of gloves of Desmomancy (worn) {+Blink SInv, Bglg, Comp}
   (You bought it in a shop on level 8 of the Dungeon)

   SInv:      It lets you see invisible.
   +Blink:    It lets you blink.
   It has a curse which improves the following skills: Beguiling: Conjurations,
   Hexes and Translocations.
   Companions: Summonings and Necromancy.
 n - the +1 pair of boots "Haekuts" (worn) {rElec rF++}
   (You found it in a Gauntlet)

   rF:        It greatly protects you from fire.
   rElec:     It insulates you from electricity.
 r - the cursed +1 helmet of Supernal Wisdom (worn) {Cun, Melee}
   (You found it on level 6 of the Dungeon)

   It has a curse which improves the following skills: Cunning: Dodging and
   Stealth.
   Melee Combat: Short Blades, Long Blades, Axes, Maces & Flails, Polearms,
   Staves and Unarmed Combat.
 G - the cursed +1 troll leather armour "Mantic Sybil" (worn) {Regen+, Snorg, Bglg, Elem}
   (You found it on level 10 of the Dungeon)

   Regen:     It increases your rate of health regeneration.
   It has a curse which improves the following skills: Beguiling: Conjurations,
   Hexes and Translocations.
   Elements:  Fire Magic, Ice Magic, Air Magic and Earth Magic.
Jewellery
 b - the cursed ring of the All-seeing Ether (left hand) {rN+, Cun, Range}
   (You found it on level 5 of the Dungeon)

   [ring of positive energy]

   rN:        It protects you from negative energy.
   It has a curse which improves the following skills: Cunning: Dodging and
   Stealth.
   Ranged Combat: Ranged Weapons and Throwing.
 E - the cursed ring "Shattered Together" (right hand) {rPois, Elem, Fort}
   (You found it on level 5 of the Dungeon)

   [ring of poison resistance]

   rPois:     It protects you from poison.
   It has a curse which improves the following skills: Elements: Fire Magic, Ice
   Magic, Air Magic and Earth Magic.
   Fortitude: Armour and Shields.
 F - a ring of willpower
 M - a ring of fire
 O - a ring of magical power
Wands
 a - a wand of flame (8)
 e - a wand of roots (11)
Scrolls
 h - 9 scrolls of teleportation
 o - 2 scrolls of amnesia
 p - 3 scrolls of silence
 u - 3 scrolls of blinking
 v - 3 scrolls of fear
 w - a scroll of vulnerability
 J - 2 scrolls of brand weapon
 K - a scroll of poison
 L - a scroll of fog
Potions
 c - 2 potions of cancellation
 d - 2 potions of mutation
 f - 3 potions of ambrosia
 g - 3 potions of flight
 i - a potion of haste
 l - a potion of might
 q - 2 potions of lignification
 s - 7 potions of curing
 t - a potion of berserk rage
 A - 2 potions of invisibility
 B - 5 potions of brilliance
 C - 3 potions of magic


   Skills:
 + Level 9.7 Fighting
 + Level 7.6(9.5) Polearms
 - Level 5.0(7.6) Armour
 - Level 2.0(4.0) Dodging
 - Level 1.7(3.6) Stealth
 + Level 8.8 Spellcasting
 + Level 8.3(11.1) Conjurations
 - Level 1.8(3.7) Translocations
 - Level 1.0 Transmutations
 + Level 1.2(3.3) Fire Magic
 + Level 7.7(11.3) Air Magic
 - Level 8.2 Poison Magic


You had 8 spell levels left.
You knew the following spells:

 Your Spells              Type           Power      Damage    Failure   Level
a - Sting                 Tmut/Pois      96%        1d7       1%          1
b - Poisonous Vapours     Pois/Air       86%        N/A       1%          2
c - Static Discharge      Conj/Air       96%        2-6/arc   1%          2
d - Mephitic Cloud        Conj/Pois/Air  44%        N/A       1%          3
e - Olgreb's Toxic Radia  Pois           37%        N/A       3%          4
f - Vhi's Electric Charg  Tloc/Air       70%        N/A       1%          3
g - Arcjolt               Conj/Air       24%        1d34      3%          5

Your spell library contained the following spells:

 Spells                   Type           Power      Damage    Failure   Level
 Foxfire                  Conj/Fire      100%       2x1d6     1%          1
 Shock                    Conj/Air       100%       1d9       1%          1
 Cigotuvi's Dreadful Rot  Necr/Pois/Air  62%        N/A       1%          2
 Hailstorm                Conj/Ice       28%        3d8       3%          3
 Stone Arrow              Conj/Erth      56%        3d10      3%          3
 Freeze                   Ice            36%        1d5       9%          1
 Wereblood                Tmut           11%        N/A       11%         2
 Portal Projectile        Hex/Tloc       30%        N/A       14%         3
 Sublimation of Blood     Necr           8%         N/A       16%         2
 Inner Flame              Hex/Fire       14%        N/A       16%         3
 Plasma Beam              Fire/Air       17%        2x1d20    16%         5
 Passage of Golubria      Tloc           21%        N/A       22%         4
 Frozen Ramparts          Ice            18%        1d3       26%         3
 Tukima's Dance           Hex            9%         N/A       28%         3
 Silence                  Hex/Air        14%        N/A       28%         5
 Animate Armour           Summ/Erth      18%        N/A       67%         4
 Dispel Undead            Necr           8%         3d8       69%         4
 Blade Hands              Tmut           5%         N/A       90%         5
 Death Channel            Necr           4%         N/A       100%        6
 Summon Hydra             Summ           4%         N/A       100%        7
 Borgnjor's Revivificati  Necr           4%         N/A       100%        8
 Lehudib's Crystal Spear  Conj/Erth      14%        10d5      100%        8
 Maxwell's Capacitive Co  Air            24%        ∞         100%        8
 Necromutation            Tmut/Necr      5%         N/A       100%        8
 Summon Horrible Things   Summ           4%         N/A       100%        8
 Chain Lightning          Conj/Air       24%        3d32      100%        9


Dungeon Overview and Level Annotations

Branches:
Dungeon (12/15)            Temple (1/1) D:7            Lair (3/5) D:10
 Shoals (0/4) Lair:2        Snake (0/4) Lair:2          Orc (0/2) D:10
  Sewer (visited)         Gauntlet (1/1)

Altars:
Ashenzari
Cheibriados
Dithmenos
Fedhas
Gozag
Hepliaklqana
Kikubaaqudgha
Makhleb
Nemelex Xobeh
Okawaru
Qazlal
Ru
Sif Muna
Trog
Uskayaw
Vehumet
Wu Jian
Xom
Yredelemnul

Shops:
D:3 ?   D:4 (   D:8 [

Annotations:
D:12 Azrael Gauntlet 5 runed translucent doors, 6 transporters


Innate Abilities, Weirdness & Mutations

You are surrounded by a mild repulsion field. (EV +2)
A demonic guardian rushes to your aid.
When hurt, damage is shared between your health and your magic reserves.
You regenerate magic rapidly.
You have a tail ending in a sharp stinger.
You expend magic power (3 MP) to strengthen your wands.


Message History

The minotaur appears confused.
You reach to attack!
You hit the minotaur but do no damage.
The minotaur is heavily wounded.
You strike the helpless minotaur from behind!
You hit the minotaur but do no damage.
You tail-slap the minotaur, but do no damage.
The minotaur is heavily wounded.
The minotaur closely misses you. The minotaur gores you!
You puncture the minotaur!
The minotaur is heavily wounded.
You hit the minotaur but do no damage.
You tail-slap the minotaur, but do no damage.
The minotaur is heavily wounded.
You reach to attack!
You hit the minotaur.
The minotaur is heavily wounded.
You hit the minotaur but do no damage.
The minotaur is heavily wounded.
The minotaur hits you with a +4 glaive of flaming!
The minotaur gores you.
The minotaur hits itself with a +4 glaive of flaming.
The minotaur gores itself.
You hit the minotaur but do no damage.
The minotaur is severely wounded.
The minotaur seems less confused.
You barely miss the minotaur.
The minotaur furiously retaliates!
The minotaur headbutts you, but does no damage.
You tail-slap the minotaur, but do no damage.
The minotaur is severely wounded.
The minotaur hits you with a +4 glaive of flaming!!
A demonic guardian appears!
The minotaur burns you. The minotaur gores you!
* * * LOW HITPOINT WARNING * * *
You swap places.
The minotaur hits you from afar with a +4 glaive of flaming!!
* * * LOW HITPOINT WARNING * * *
The minotaur burns you.
* * * LOW HITPOINT WARNING * * *
Your ice devil hits the minotaur but does no damage.
You feel much better.
The minotaur hits you from afar with a +4 glaive of flaming!!!
You die...

#.....32#..##* * ** *
#####+###..§##..##.. ,
** #©...+.©#.§###... .#*
, #.##.+###..≈##..#*.#*
, #.##.#!.#..###..##.. ,
*, *,,
#....#$[#..#.......#*
##. #########..#©...#
.##....
.........∩.#....##H...#
*
...........#....@4.#*,',
,∩ *
#########..#©...##.##.#
** ***
..#.#...#..#....##....#
,* ,
.#...#..#..###.....##.#*
, * ##...##.#..§##..##.#
,.. , ..#.##..#..###..#
... *#.*
...©.#.©#..≈##... .##.**
, ..#.##..#..###..##.#*
, ##...##.#..≈#####*
****


You could see a minotaur (very poisoned, ally target) and a friendly ice devil
(summoned).

Vanquished Creatures
  A cacodemon (Gauntlet)
  Snorg (D:10)
  Josephine (D:10)
  Harold (D:11)
  A two-headed ogre (D:9)
  2 catoblepae
  A boulder beetle (D:11)
  Sonja (Lair:2)
  Amaemon (Lair:1)
  A cyclops (D:11)
  An ugly thing (D:11)
  4 cane toads
  An orange demon (Lair:1)
  4 komodo dragons
  A kobold demonologist (D:9)
  A polar bear (Lair:2)
  2 trolls
  A hornet (D:10)
  Prince Ribbit (D:5)
  3 flying skulls (Gauntlet)
  2 shadows (Gauntlet)
  2 wraiths (D:10)
  3 wyverns
  A basilisk (Lair:1)
  33 yaks
  2 neqoxecs (Gauntlet)
  2 nagas (Lair:2)
  7 water moccasins
  Duvessa (D:5)
  5 orc warriors
  An ice beast (D:7)
  A sky beast (D:8)
  2 black bears
  An ogre (D:5)
  2 centaurs
  A phantom (D:7)
  2 kobold brigands
  Blork the orc (D:4)
  11 bullfrogs
  A gnoll sergeant (D:10)
  A scorpion (D:5)
  6 wights
  13 killer bees
  Dowan (D:5)
  3 howler monkeys (D:7)
  3 orc priests
  3 hounds
  A gnoll bouda (D:8)
  5 iguanas
  3 orc wizards
  8 hell rats
  7 adders
  15 gnolls
  4 river rats
  A shadow imp (D:6)
  A white imp (D:8)
  A worm (D:3)
  18 orcs
  5 bats
  9 endoplasms
  5 giant cockroaches
  8 goblins
  15 hobgoblins
  6 quokkas
  14 ball pythons
  7 frilled lizards
  25 kobolds
  32 rats
  A butterfly (Lair:2)
332 creatures vanquished.

Vanquished Creatures (collateral kills)
  Urug (Lair:1)
  Joseph (D:10)
  A komodo dragon (Lair:2)
  A kobold demonologist (D:9)
  A troll (D:10)
  A wyvern (D:7)
  2 yaks
  A wraith (D:10)
  2 orc warriors (D:10)
  A kobold brigand (D:10)
  A scorpion (D:5)
  An orc priest (D:10)
  A hound (D:5)
  2 iguanas
  2 adders
  A river rat (Sewer)
  An orc (D:10)
  A hobgoblin (D:2)
  A bat (D:2)
23 creatures vanquished.

Vanquished Creatures (others)
  18 fungi
  13 plants
  3 withered plants
34 creatures vanquished.

Grand Total: 389 creatures vanquished

Notes
Turn   | Place    | Note
-------+----------+-------------------------------------------
     0 | D:1      | testman the Demonspawn Venom Mage began the quest for the
                  | Orb.
     0 | D:1      | Reached XP level 1. HP: 13/13 MP: 3/3
    22 | D:1      | Reached skill level 1 in Transmutations
    91 | D:1      | Reached skill level 1 in Air Magic
   177 | D:1      | Gained mutation: A weak demonic guardian rushes to your
                  | aid. [demonic ancestry]
   177 | D:1      | Reached XP level 2. HP: 19/19 MP: 1/5
   180 | D:1      | Learned a level 2 spell: Poisonous Vapours
   814 | D:1      | Gained mutation: You regenerate magic rapidly. [demonic
                  | ancestry]
   814 | D:1      | Reached XP level 3. HP: 21/24 MP: 4/6
  1293 | D:2      | Reached skill level 1 in Conjurations
  1491 | D:2      | Found a faded altar of an unknown god.
  1608 | D:2      | Gained mutation: When hurt, damage is shared between your
                  | health and your magic reserves. [demonic ancestry]
  1608 | D:2      | Reached XP level 4. HP: 30/30 MP: 3/7
  1742 | D:3      | Identified the +2 robe of Knowledge {Str-5 Dex+7}
  1862 | D:3      | Learned a level 2 spell: Static Discharge
  1894 | D:3      | Found Mageamn's Magic Scroll Emporium.
  1902 | D:3      | Bought a scroll of identify for 20 gold pieces
  1902 | D:3      | Bought a scroll of teleportation for 30 gold pieces
  1902 | D:3      | Bought a scroll of blinking for 75 gold pieces
  2024 | D:3      | Found a sparkling altar of Nemelex Xobeh.
  2736 | D:4      | Found Cunous's Antique Weapon Shop.
  2887 | D:4      | Noticed Blork the orc
  2904 | D:5      | Entered Level 5 of the Dungeon
  2909 | D:5      | Reached XP level 5. HP: 6/35 MP: 0/8
  3030 | D:5      | Learned a level 3 spell: Mephitic Cloud
  3097 | D:5      | Found a glowing drain.
  3234 | Sewer    | Entered a sewer
  3862 | Sewer    | Reached skill level 1 in Fighting
  3896 | Sewer    | Reached XP level 6. HP: 43/43 MP: 6/10
  4398 | D:5      | Reached skill level 2 in Fighting
  4613 | D:5      | Gained mutation: You are surrounded by a mild repulsion
                  | field. (EV +2) [demonic ancestry]
  4613 | D:5      | Reached XP level 7. HP: 38/51 MP: 8/13
  4675 | D:4      | Killed Blork the orc
  4757 | D:4      | Reached skill level 3 in Fighting
  4757 | D:4      | Reached skill level 1 in Armour
  5154 | D:4      | Found a bloodstained altar of Trog.
  5338 | D:3      | Bought a scroll of identify for 20 gold pieces
  5338 | D:3      | Bought a scroll of identify for 20 gold pieces
  5445 | D:5      | Noticed Prince Ribbit
  5458 | D:5      | Killed Prince Ribbit
  5519 | D:5      | Noticed Dowan
  5538 | D:5      | Killed Dowan
  5539 | D:5      | Reached skill level 5 in Poison Magic
  5639 | D:5      | Noticed Duvessa
  5652 | D:5      | Killed Duvessa
  5653 | D:5      | Reached skill level 4 in Fighting
  5653 | D:5      | Gained mutation: You have a small tail. [demonic ancestry]
  5653 | D:5      | Reached XP level 8. HP: 56/60 MP: 1/14
  5764 | D:5      | Learned a level 4 spell: Olgreb's Toxic Radiance
  6658 | D:5      | Reached skill level 5 in Fighting
  6658 | D:5      | Reached skill level 1 in Polearms
  7716 | D:7      | Found a staircase to the Ecumenical Temple.
  7737 | D:7      | Reached skill level 5 in Spellcasting
  7737 | D:7      | Gained mutation: A demonic guardian rushes to your aid.
                  | [demonic ancestry]
  7737 | D:7      | Reached XP level 9. HP: 49/68 MP: 6/16
  7750 | Temple   | Entered the Ecumenical Temple
  7852 | Temple   | Became a worshipper of Ashenzari the Shackled
  8837 | D:8      | Found Cunem's Armour Emporium.
  8903 | D:8      | Found a stormy altar of Qazlal.
  8913 | D:8      | Reached skill level 6 in Fighting
  8980 | D:8      | Found a blossoming altar of Fedhas.
  9494 | D:8      | Reached XP level 10. HP: 77/77 MP: 8/18
  9812 | D:8      | Found a hide-covered altar of Uskayaw.
 10163 | D:9      | Reached skill level 7 in Fighting
 10272 | D:9      | Reached skill level 5 in Conjurations
 10424 | D:9      | Found a shadowy altar of Dithmenos.
 10518 | D:9      | Noticed a two-headed ogre
 10526 | D:9      | Killed a two-headed ogre
 10713 | D:10     | Entered Level 10 of the Dungeon
 10713 | D:10     | Noticed Josephine
 10727 | D:10     | Killed Josephine
 10728 | D:10     | Reached skill level 5 in Air Magic
 10738 | D:10     | Reached XP level 11. HP: 41/84 MP: 2/21
 10745 | D:10     | Reached skill level 5 in Polearms
 10745 | D:10     | Reached skill level 5 in Armour
 11006 | D:10     | Reached * piety under Ashenzari
 11006 | D:10     | Identified a scroll of acquirement
 11007 | D:10     | Acquired 1022 gold pieces
 11057 | D:8      | Bought the +1 pair of gloves "Ferphes" {+Blink SInv} for
                  | 360 gold pieces
 11623 | D:10     | Found a staircase to the Orcish Mines.
 11631 | D:10     | Found a sacrificial altar of Ru.
 11631 | D:10     | Identified the Anthology of Calid Unhallowed Words
 11740 | D:10     | Noticed Snorg
 11744 | D:10     | Reached skill level 8 in Fighting
 11754 | D:10     | Killed Snorg
 11755 | D:10     | Reached skill level 1 in Translocations
 11757 | D:10     | Noticed Joseph
 11765 | D:10     | Killed Joseph
 11814 | D:10     | Found a staircase to the Lair.
 11857 | D:10     | Found a shimmering altar of Xom.
 12230 | D:11     | Acquired the Information on the Sky and Illusion
 12232 | D:11     | Reached ** piety under Ashenzari
 12283 | D:11     | Noticed a boulder beetle
 12291 | D:11     | Killed a boulder beetle
 12384 | D:11     | Noticed Harold
 12399 | D:11     | Killed Harold
 12463 | D:11     | Noticed a purple ugly thing
 12474 | D:11     | Killed a purple ugly thing
 12475 | D:11     | Gained mutation: You have a tail ending in a sharp stinger.
                  | [demonic ancestry]
 12475 | D:11     | Reached XP level 12. HP: 86/94 MP: 18/23
 12479 | D:11     | Learned a level 3 spell: Vhi's Electric Charge
 12485 | D:11     | Learned a level 5 spell: Arcjolt
 12793 | D:12     | Noticed Azrael
 12949 | Lair:1   | Entered Level 1 of the Lair of Beasts
 12958 | Lair:1   | Reached *** piety under Ashenzari
 13301 | Lair:1   | Noticed Urug
 13315 | Lair:1   | Killed Urug
 13448 | Lair:1   | Noticed a catoblepas
 13457 | Lair:1   | Killed a catoblepas
 13580 | Lair:1   | Reached skill level 9 in Fighting
 13653 | Lair:1   | Noticed Amaemon
 13670 | Lair:1   | Killed Amaemon
 13949 | Lair:2   | Found a staircase to the Shoals.
 13961 | Lair:2   | Reached **** piety under Ashenzari
 13964 | Lair:2   | Noticed Sonja
 13976 | Lair:2   | Killed Sonja
 14062 | Lair:2   | Noticed a catoblepas
 14075 | Lair:2   | Killed a catoblepas
 14443 | Lair:2   | Found a staircase to the Snake Pit.
 14709 | Lair:3   | Found a gate leading to a gauntlet.
 14720 | Gauntlet | Entered a Gauntlet
 14720 | Gauntlet | Found a runed translucent door.
 14720 | Gauntlet | Found a transporter.
 14720 | Gauntlet | Found a runed translucent door.
 14720 | Gauntlet | Found a transporter.
 14730 | Gauntlet | Found a transporter.
 14733 | Gauntlet | Found a transporter.
 14739 | Gauntlet | Noticed a death scarab
 14741 | Gauntlet | Found a transporter.
 14744 | Gauntlet | Found a transporter.
 14749 | Gauntlet | Noticed a cacodemon
 14750 | Gauntlet | Found a runed translucent gate.
 14750 | Gauntlet | Found a runed translucent gate.
 14750 | Gauntlet | Found a runed translucent gate.
 14752 | Gauntlet | Found a transporter.
 14769 | Gauntlet | Identified the +1 pair of boots "Haekuts" {rElec rF++}
 14770 | Gauntlet | Found a transporter.
 14772 | Gauntlet | Noticed a cacodemon
 14787 | Gauntlet | Found a transporter.
 14790 | Gauntlet | Found a transporter.
 14800 | Gauntlet | Found a transporter.
 14813 | Gauntlet | Found a transporter.
 14980 | Gauntlet | Gained mutation: You expend magic power (3 MP) to
                  | strengthen your wands. [a neqoxec]
 15008 | Gauntlet | Killed a cacodemon
 15009 | Gauntlet | Reached skill level 1 in Fire Magic
 15079 | Gauntlet | Noticed a minotaur
 15098 | Gauntlet | Mangled by a minotaur

Illustrated notes

Levels and vault maps discovered:
D:1:      dpeg_arrival_arbitrary_a, layout_basic, minmay_close_crescents
D:2:      layout_rooms, shapermc_ecumenical_altar_flowoftime
D:3:      layout_loops_ring, nemelex_spade_bored_becter, serial_shops, shop,
          st_stairs_10
D:4:      layout_basic, lightli_temple_of_fire, serial_shops,
          nicolae_shop_advertising_works [nicolae_subvault_shop_adworks],
          uniq_blork_the_orc
D:5:      layout_loops_ring, gup_sewer_entry_bubbles, minmay_misc_feat_columns,
          uniq_duvessa, uniq_prince_ribbit1
D:6:      layout_gridville, dk_rats_in_the_wall
D:7:      layout_loops_ring, minmay_temple_entry_statues_fountains,
          nicolae_elevator_lobby_plus
D:8:      layout_basic, grunt_temple_overflow_forces_of_nature,
          lemuel_tele_altar, serial_shops, shop
D:9:      layout_rooms, grunt_dithmenos_smoke
D:10:     layout_basic, kennysheep_mini, mainiacjoe_overflow_large_starburst,
          grunt_lair_entry_orc_guard_hut, dreamdust_princess_corridor,
          minmay_fractal_squares_gapless_5, uniq_joseph, uniq_josephine,
          uniq_snorg
D:11:     layout_long_grid, uniq_harold
D:12:     layout_rooms, ashenzari_altar_1, uniq_fannar, uniq_azrael
Temple:   cyrus_circular_temple
Lair:1:   layout_concentric_octagons, st_stairs_12,
          grunt_forest_small_clearing_treed, uniq_urug, uniq_amaemon
Lair:2:   layout_chaotic_city, shoals_dummy_entry,
          minmay_snake_entry_guardpost_small, grunt_megastairs_4,
          infiniplex_staircase_pool_2, lemuel_fruit_fields, uniq_sonja
Lair:3:   layout_chaotic_city, gauntlet_entry_generic, serial_bayou_shore_a
Gauntlet: minmay_gauntlet_mixed_big_or_small [gammafunk_gauntlet_arena_crates,
          minmay_gauntlet_arena_77_cramped, nicolae_gauntlet_arena_grate_2,
          minmay_gauntlet_arena_77_two_paths, gammafunk_gauntlet_arena_chambers,
          minmay_gauntlet_arena_77_run_for_it, gauntlet_exit_green]

Skill      XL: |  1  2  3  4  5  6  7  8  9 10 11 12 |
---------------+-------------------------------------+-----
Transmutations | 1 |  1.0
Air Magic      | 1 2 3 4 5 6 7 |  7.7
Conjurations   | 1 2 3 4 5 7 8 |  8.3
Spellcasting   | 3 4 5 6 7 8 |  8.8
Dodging        | 2 |  2.0
Fighting       | 1 2 4 5 6 7 8 9 |  9.7
Poison Magic   | 4 5 6 7 8 |  8.2
Armour         | 2 3 4 5 |  5.0
Polearms       | 2 3 4 6 7 |  7.6
Translocations | 1 |  1.8
Fire Magic     | 1 |  1.2
Stealth        | |  1.7

Action                     |  1- 3 |  4- 6 |  7- 9 | 10-12 || total
---------------------------+-------+-------+-------+-------++-------
  Melee: Whip              |     6 |       |       |       ||     6
         Dagger            |    95 |   155 |   202 |       ||   452
         Punch             |     1 |     2 |     4 |     5 ||    12
         Tailslap          |       |       |    30 |    87 ||   117
         Demon trident     |       |       |    34 |   506 ||   540
         Trident           |       |       |    15 |       ||    15
  Throw: Boomerang         |       |       |     2 |       ||     2
   Cast: Sting             |    49 |    58 |    70 |     7 ||   184
         Poisonous Vapours |     4 |    50 |    39 |    14 ||   107
         Static Discharge  |       |    11 |     9 |     3 ||    23
         Mephitic Cloud    |       |     4 |     9 |     8 ||    21
         Olgreb's Toxic Ra |       |       |    12 |    34 ||    46
         Arcjolt           |       |       |       |     6 ||     6
         Vhi's Electric Ch |       |       |       |     5 ||     5
 Invoke: Curse Item        |       |       |     1 |     6 ||     7
         Shatter the Chain |       |       |       |     1 ||     1
    Use: Scroll            |       |     8 |    13 |     5 ||    26
         Potion            |       |     1 |     2 |     6 ||     9
   Stab: Sleeping          |     3 |     4 |     1 |     1 ||     9
         Confused          |       |     5 |     3 |     8 ||    16
         Distracted        |       |       |     1 |     2 ||     3
 Armour: Robe              |    30 |    27 |    42 |       ||    99
         Ring mail         |       |       |    11 |    52 ||    63
         Troll leather arm |       |       |       |    91 ||    91
  Dodge: Dodged            |    67 |   122 |   200 |   290 ||   679

Table legend: (Time is in decaauts)
 A = Elapsed time spent in this place.
 B = Non-inter-level travel time spent in this place.
 C = Inter-level travel time spent in this place.
 D = Time resting spent in this place.
 E = Time spent auto-exploring this place.
 F = Levels seen in this place.
 G = Mean time per level.
                   A        B        C        D        E       F      G
               +--------+--------+--------+--------+--------+-----+--------+
         Total |  15137 |  14235 |    902 |    846 |  10245 |  18 |  840.9 |
       Dungeon |  11774 |  10987 |    787 |    781 |   7896 |  12 |  981.2 |
        Temple |    115 |     98 |     17 |      0 |     88 |   1 |  115.0 |
          Lair |   1743 |   1645 |     98 |      0 |   1300 |   3 |  581.0 |
         Sewer |   1136 |   1136 |      0 |     13 |    848 |   1 | 1136.0 |
      Gauntlet |    367 |    367 |      0 |     52 |    112 |   1 |  367.0 |
               +--------+--------+--------+--------+--------+-----+--------+

Top non-repeatable levels by time:
     D:5: 1657 daAuts
     D:7: 1336 daAuts
     D:8: 1239 daAuts
    D:10: 1213 daAuts
   Sewer: 1136 daAuts
     D:1: 1084 daAuts
     D:4: 1046 daAuts
     D:6: 1025 daAuts
  Lair:1: 873 daAuts
     D:3: 864 daAuts
     D:9: 857 daAuts
  Lair:2: 822 daAuts
    D:11: 755 daAuts
     D:2: 634 daAuts
Gauntlet: 367 daAuts
